 Dungeon Crawl Stone Soup version 0.20.1-1-g8b1a95d (webtiles) character file.

339 vatarom the Scratcher (level 6, 0/25 HPs)
             Began as a Felid Transmuter on Sept 1, 2017.
             Was a Follower of Makhleb.
             Slain by a worker ant (8 damage)
             ... on level 4 of the Dungeon.
             The game lasted 00:07:17 (3658 turns).

vatarom the Scratcher (Felid Transmuter)            Turns: 3658, Time: 00:07:18

Health: 0/25       AC:  2    Str:  8    XL:     6   Next: 29%
Magic:  6/10       EV: 21    Int: 19    God:    Makhleb [*.....]
Gold:   294        SH:  0    Dex: 21    Spells: 3/9 levels left
                                        Lives:  0   Deaths: 1

rFire    . . .     SeeInvis +     - Unarmed
rCold    . . .     Gourm    .   (shield unavailable)
rNeg     . . .     Faith    .   (armour unavailable)
rPois    x         Spirit   .   (helmet unavailable)
rElec    .         Reflect  .   (cloak unavailable)
rCorr    .         Harm     .   (gloves unavailable)
MR       .....                  (boots unavailable)
Stlth    ++........             (no amulet)
Regen    0.1/turn               g - +4 ring of intelligence
MPRegen  0.2/turn               (no ring)

@: lethally poisoned (0 -> -5), spider-form
A: no armour, no weapons or thrown items, stealth, see invisible, carnivore 3,
slow metabolism 1
a: End Transformation, Renounce Religion


You were on level 4 of the Dungeon.
You worshipped Makhleb.
Makhleb was aware of your devotion.
You were completely stuffed.
You were a venomous arachnid creature.
You visited 2 branches of the dungeon, and saw 5 of its levels.

You collected 294 gold pieces.

Inventory:

Missiles
 a - 13 arrows
Jewellery
 g - a +4 ring of intelligence (left front leg)
Scrolls
 e - 5 scrolls of identify
 f - 2 scrolls of teleportation
 j - 4 scrolls of remove curse
 k - 2 scrolls of amnesia
 l - a scroll of blinking
Potions
 h - 2 potions of invisibility
 i - 2 potions of lignification {unknown}
 n - a potion of mutation {unknown}
 o - a potion of curing {unknown}
Books
 b - a book of Changes

   Spells                             Type                      Level
   a - Beastly Appendage              Transmutation                1
   b - Sticks to Snakes               Transmutation                2
   c - Spider Form                    Transmutation/Poison         3
   d - Ice Form                       Ice/Transmutation            4
   e - Blade Hands                    Transmutation                5
Comestibles
 c - 3 meat rations
 d - 2 royal jellies
 m - 11 chunks of flesh


   Skills:
 - Level 1.0 Fighting
 - Level 2.6 Dodging
 + Level 6.0 Unarmed Combat
 - Level 2.0 Spellcasting
 - Level 5.1 Transmutations


You had 3 spell levels left.
You knew the following spells:

 Your Spells              Type           Power        Failure   Level  Hunger
a - Beastly Appendage     Tmut           ###...       8%          1    #......
b - Sticks to Snakes      Tmut           ###.....     11%         2    ###....
c - Spider Form           Tmut/Pois      ##........   38%         3    ###....


Dungeon Overview and Level Annotations

Branches:
Dungeon (4/15)             Temple (1/1) D:4

Altars:
Ashenzari
Cheibriados
Dithmenos
Elyvilon
Fedhas
Gozag
Hepliaklqana
Kikubaaqudgha
Makhleb
Nemelex Xobeh
Okawaru
Qazlal
Ru
Sif Muna
Trog
Uskayaw
Vehumet
Xom
Yredelemnul
Zin
The Shining One


Innate Abilities, Weirdness & Mutations

You cannot wear armour.
You are incapable of wielding weapons or throwing items.
Your paws allow you to move quietly. (Stealth)
((You have sharp claws.))
((You have razor-sharp teeth.))
You have supernaturally acute eyesight. (SInv)
You are carnivorous and can eat meat at any time.
((You cover ground quickly.))
((You are covered in thick fur. (AC +2)))
You have a slow metabolism.
((Your sharp claws are effective at attacking unaware monsters.))


Message History

You kill the frilled lizard!
Makhleb accepts your kill. The worker ant bites you.
You barely miss the worker ant. The worker ant barely misses you.
Casting: Beastly Appendage
Confirm with . or Enter, or press ? or * to list all spells.
You grow a pair of large bovine horns.
The worker ant bites you. x2
You barely miss the worker ant. Your bite misses the worker ant.
The worker ant misses you.
You barely miss the worker ant. The worker ant bites you.
You are poisoned.
The worker ant poisons you!
Casting: Beastly Appendage
Confirm with . or Enter, or press ? or * to list all spells.
Your horns disappear.
You turn into a venomous arachnid creature.
You feel sick. The worker ant bites you.
You hit the worker ant but do no damage.
The worker ant is poisoned.
The worker ant bites you!
You die...

##.8.>.8....>...... .....
#...⌠.⌠............ ......#
#..8.8.8...........
........##..................
.........##...#.##.[...<.....
..........##...#...#..........
........$......#..##..........
.................# ##.........
.......).....sa.## ##........
...........†...## ##.......
......?........# ##......
...?$..........# ##.....
#...#%........# ###... ## ###
#.........# ##.. .##
#........## ### ..##
##..#...### ...# ##..##.###


You could see a worker ant.

Vanquished Creatures
  3 wights (D:4)
  A howler monkey (D:4)
  A hound (D:4)
  An orc wizard (D:3)
  5 adders
  5 worms
  A leopard gecko (D:4)
  7 orcs
  4 bats
  5 giant cockroaches
  7 hobgoblins
  2 jackals (D:4)
  5 kobolds
  2 quokkas
  2 ball pythons (D:1)
  3 frilled lizards
  3 goblins
  5 rats
62 creatures vanquished.

Vanquished Creatures (collateral kills)
  An ogre (D:4)
  An adder (D:2)
  A worm (D:4)
  2 orcs (D:3)
5 creatures vanquished.

Grand Total: 67 creatures vanquished

Notes
Turn   | Place    | Note
-------+----------+-------------------------------------------
     0 | D:1      | vatarom the Felid Transmuter began the quest for the Orb.
     0 | D:1      | Reached XP level 1. HP: 9/9 MP: 4/4
   245 | D:1      | Reached XP level 2. HP: 4/12 MP: 4/6
   825 | D:2      | Reached skill level 4 in Unarmed Combat
   836 | D:2      | Learned a level 2 spell: Sticks to Snakes
   983 | D:2      | Reached XP level 3. HP: 15/15 MP: 7/7
  1148 | D:2      | Learned a level 3 spell: Spider Form
  1488 | D:2      | Found a burning altar of Makhleb.
  1488 | D:2      | Noticed an Executioner
  1492 | D:2      | Noticed a neqoxec
  1492 | D:2      | Noticed a neqoxec
  1494 | D:2      | Became a worshipper of Makhleb the Destroyer
  1966 | D:3      | Reached XP level 4. HP: 6/19 MP: 8/8
  1984 | D:3      | Slain by an orc
  1985 | D:3      | Reached XP level 3. HP: -3/15 MP: 3/7
  2373 | D:3      | Reached skill level 5 in Unarmed Combat
  2373 | D:3      | Reached XP level 4. HP: 18/19 MP: 4/8
  2646 | D:4      | Found a staircase to the Ecumenical Temple.
  2677 | Temple   | Entered the Ecumenical Temple
  2968 | D:4      | Reached XP level 5. HP: 21/22 MP: 2/9
  3099 | D:4      | Reached * piety under Makhleb
  3400 | D:4      | Noticed an ogre
  3411 | D:4      | Killed an ogre
  3411 | D:4      | Reached skill level 5 in Transmutations
  3411 | D:4      | Gained mutation: You are covered in thick fur. (AC +2) [Felid growth]
  3411 | D:4      | Reached XP level 6. HP: 25/25 MP: 4/10
  3526 | D:4      | Reached skill level 6 in Unarmed Combat
  3658 | D:4      | Slain by a worker ant

Skill      XL: |  1  2  3  4  5  6 |
---------------+-------------------+-----
Unarmed Combat | 4 5 6 |  6.0
Transmutations | 3 4 5 |  5.1
Fighting       | |  1.0
Dodging        | |  2.6
Spellcasting   | |  2.0

Action                   |  1- 3 |  4- 6 || total
-------------------------+-------+-------++-------
Melee: Unarmed           |   121 |    66 ||   187
       Headbutt          |     3 |     2 ||     5
       Bite              |     9 |     2 ||    11
       Punch             |     1 |       ||     1
 Cast: Beastly Appendage |    11 |     3 ||    14
       Sticks to Snakes  |     8 |    10 ||    18
       Spider Form       |     2 |     6 ||     8
  Use: Scroll            |    11 |     1 ||    12
       Potion            |     3 |     1 ||     4
 Stab: Sleeping          |     9 |     1 ||    10
  Eat: Chunk             |    16 |     4 ||    20
Armor: Skin              |     5 |     5 ||    10
Dodge: Dodged            |    93 |    40 ||   133
